Map: Inside and Out

Players

Cure

  • Race: Terran Terran
  • League: Master
  • Spawn Location: 7:00

Kelazhur - Winner!

  • Race: Terran Terran
  • League: Master
  • Spawn Location: 1:00

Event: HomeStory Cup XXII

VOD

Have the link to the VOD?

Description

Time

  • Played on: Dec. 16, 2022, 9:48 a.m.
  • Length: 15:31

All games in this series

Show
View Real Time Build Order
Export as new Build Order

Cure Terran 

Build Orders:  

Get SALT Encoding   

  12  0:00  SCV  
  13  0:12  SCV  
  14  0:17  Supply Depot  
  14  0:24  SCV  
  15  0:38  SCV  
  15  0:40  Barracks  
  15  0:42  Refinery  
  16  0:50  SCV  
  16  0:52  Refinery  
  17  1:02  SCV  
  18  1:15  SCV  
  19  1:27  Reaper, Orbital Command  
  19  1:31  Supply Depot  
  20  1:40  Factory  
  20  1:53  SCV  
  21  1:59  Barracks Reactor  
  21  2:05  SCV  
  21  2:07  Reaper  
  23  2:17  SCV  
  24  2:24  Hellion  
  24  2:29  SCV  
  25  2:40  Command Center  
  25  2:41  Reaper  
  25  2:43  SCV  
  27  2:46  Hellion  
  29  2:52  Supply Depot  
  29  2:55  SCV  
  28  3:07  SCV  
  28  3:08  Hellion  
  29  3:18  Marine  
  29  3:20  SCV  
  30  3:30  Hellion  
  30  3:32  SCV  
  33  3:36  Marine  
  32  3:44  SCV  
  33  3:48  Starport  
  33  3:51  Factory Tech Lab  
  33  3:56  SCV, Marine  
  33  3:58  Orbital Command  
  35  4:09  Cyclone, SCV  
  39  4:14  Barracks Reactor  
  39  4:21  SCV  
  39  4:23  Supply Depot  
  40  4:24  Medivac  
  42  4:33  SCV  
  43  4:41  Siege Tank, Orbital Command  
  43  4:43  Refinery  
  43  4:45  SCV  
  47  4:52  Marine x2  
  48  4:57  SCV, Starport Tech Lab  
  49  5:07  SCV  
  49  5:09  SCV, Marine x2  
  56  5:19  SCV, Refinery  
  57  5:21  Refinery  
  57  5:24  Supply Depot, Raven  
  57  5:26  SCV  
  57  5:31  SCV  
  57  5:33  Command Center  
  57  5:34  Marine x2  
  60  5:38  SCV  
  61  5:43  SCV  
  61  5:49  Siege Tank  
  65  5:50  SCV  
  65  5:55  SCV  
  67  6:01  Marine x2  
  67  6:02  SCV  
  70  6:07  SCV  
  70  6:11  Barracks  
  67  6:12  Barracks  
  67  6:14  SCV, Raven  
  68  6:19  SCV  
  68  6:20  Marine  
  70  6:32  Supply Depot x2  
  70  6:44  SCV x2, Siege Tank, Marine x2  
  77  6:52  Engineering Bay  
  77  6:53  Engineering Bay  
  77  6:56  SCV x2  
  79  7:08  SCV x2, Marine x4  
  71  7:11  Orbital Command  
  73  7:16  Siege Tank  
  73  7:20  Viking  
  73  7:21  SCV x2  
  78  7:25  Marine  
  78  7:26  Marine x3  
  75  7:33  SCV x2  
  69  7:43  SCV, Marine x2  
  69  7:44  Marine x2  
  62  7:45  SCV x2  
  62  7:48  Siege Tank  
  58  7:53  Viking  
  58  7:55  SCV  
  58  7:57  SCV x2  
  62  8:02  Marine x2  
  62  8:04  Barracks Tech Lab  
  64  8:08  SCV  
  64  8:09  SCV x2  
  67  8:20  SCV, Marine x3  
  67  8:21  SCV x2, Stimpack  
  67  8:22  Siege Tank  
  67  8:24  Starport Reactor  
  76  8:32  SCV  
  76  8:33  SCV  
  77  8:38  Marine x4  
  77  8:40  Terran Infantry Armor Level 1, Terran Infantry Weapons Level 1  
  80  8:43  SCV  
  80  8:44  SCV  
  80  8:45  SCV  
  83  8:54  Barracks  
  83  8:55  SCV  
  83  8:56  SCV, Barracks  
  83  8:57  SCV, Marine x2  
  83  8:58  Missile Turret  
  83  9:00  Siege Tank  
  90  9:07  Marine x2  
  90  9:08  Medivac  
  90  9:09  SCV  
  94  9:13  SCV  
  94  9:14  Marine x2  
  94  9:15  SCV  
  98  9:18  Combat Shield  
  98  9:19  Sensor Tower  
  97  9:25  Marine x2  
  97  9:26  Medivac  
  97  9:31  Supply Depot  
  101  9:33  Marine  
  101  9:44  Supply Depot, Barracks Reactor  
  101  9:46  Barracks Reactor  
  101  9:49  Armory  
  101  9:50  Supply Depot  
  101  9:52  SCV x2, Siege Tank, Marine x3  
  109  9:58  Refinery  
  109  9:59  Refinery  
  109  10:06  SCV, Medivac, Marine  
  113  10:10  SCV x2, Marine x3  
  116  10:17  Supply Depot x2  
  116  10:20  Supply Depot  
  115  10:29  Supply Depot  
  115  10:36  Terran Infantry Weapons Level 2  
  115  10:37  Terran Infantry Armor Level 2  
  115  10:38  Marine  
  115  10:39  Terran Vehicle Weapons Level 1, SCV  
  115  10:41  SCV, Siege Tank, Marine x4  
  115  10:42  Refinery  
  125  10:46  Missile Turret  
  125  10:51  Marine x2  
  125  10:52  Barracks Reactor  
  125  10:54  Medivac  
  125  10:56  Marine  
  130  10:57  Supply Depot  
  130  10:58  Supply Depot  
  130  10:59  Marine x3  
  125  11:04  Marine  
  125  11:08  Marine  
  125  11:09  Marine  
  120  11:14  Marine  
  120  11:17  Marine x3  
  121  11:22  Marine  
  117  11:26  Marine  
  117  11:27  Marine  
  117  11:32  Marine  
  118  11:35  Marine x3  
  118  11:37  Marine x2  
  123  11:40  Marine  
  123  11:44  Marine  
  123  11:45  Marine  
  126  11:50  Marine  
  126  11:57  Siege Tank  
  126  11:59  Medivac  
  121  12:13  Command Center  
  121  12:14  Marine x2  
  121  12:15  Marine x3  
  116  12:26  Marine  
  116  12:27  Marine x3  
  116  12:29  Medivac  
  122  12:32  Marine x2  
  122  12:36  Marine x2  
  122  12:37  Marine  
  112  12:44  Marine x4  
  112  12:50  Marine x2  
  99  12:54  Marine x3  
  97  13:02  Marine x3  
  97  13:04  Marine  
  94  13:08  Marine  
  94  13:12  Marine x4  
  94  13:20  Marine  
  94  13:25  Orbital Command  
  94  13:27  Marine x3  
  95  13:28  Marine  
  95  13:30  Marine  
  100  13:38  Marine x4  
  100  13:40  Siege Tank  
  107  13:44  Medivac x2  
  111  13:52  Marine x2  
  111  13:53  Marine x3  
  116  13:57  Sensor Tower  
  116  14:07  Marine x3  
  117  14:13  Marine x6  
  117  14:31  Marine x2  
  117  14:32  Marine x2  
  117  14:34  Marine x4  
  117  14:35  Siege Tank  
  117  14:36  Marine  
  117  14:37  Medivac x2  
  127  14:49  Marine x4  
  127  14:51  Marine x2  
  127  14:52  Marine x2  
  135  14:54  Marine  
  131  15:07  Marine x4  
  131  15:09  Marine x4  
  131  15:12  Marine  
Show
View Real Time Build Order
Export as new Build Order

Kelazhur Terran - Winner!

Build Orders:  

Get SALT Encoding   

  12  0:00  SCV  
  13  0:12  SCV  
  14  0:17  Supply Depot  
  14  0:24  SCV  
  15  0:38  SCV  
  15  0:39  Barracks  
  16  0:44  Refinery  
  16  0:50  SCV  
  17  0:59  Barracks  
  17  1:03  SCV  
  18  1:11  Refinery  
  18  1:15  SCV  
  19  1:26  Reaper  
  19  1:31  Orbital Command  
  20  1:44  Supply Depot  
  20  1:46  Reaper  
  21  1:56  SCV  
  21  1:58  Reaper  
  23  2:09  SCV, Factory  
  24  2:18  Reaper  
  25  2:23  Supply Depot, SCV  
  26  2:35  Reaper, SCV  
  28  2:47  SCV  
  28  2:51  Reaper  
  30  2:52  Hellion  
  30  2:55  Starport  
  32  2:59  SCV  
  32  3:13  SCV, Hellion  
  34  3:24  Reaper x2  
  36  3:33  Command Center  
  36  3:34  SCV  
  34  3:42  Hellion  
  34  3:46  Medivac  
  39  3:58  Supply Depot  
  39  4:15  SCV, Hellion  
  43  4:17  Starport Tech Lab  
  42  4:25  Barracks Tech Lab  
  42  4:26  Refinery  
  42  4:27  SCV  
  42  4:35  Raven  
  42  4:36  Factory Tech Lab  
  44  4:39  SCV  
  45  4:51  SCV  
  45  4:52  Marine  
  46  4:53  Stimpack  
  46  4:55  Orbital Command  
  47  5:03  SCV  
  48  5:07  Siege Tank  
  51  5:15  SCV  
  51  5:20  SCV  
  53  5:22  Marine  
  53  5:23  Supply Depot  
  53  5:24  Raven  
  53  5:27  SCV  
  57  5:31  Barracks Reactor  
  57  5:33  SCV  
  58  5:37  Supply Depot  
  58  5:39  SCV, Marine  
  60  5:45  Siege Tank  
  60  5:46  SCV  
  64  5:51  Command Center, SCV  
  63  5:58  SCV  
  63  6:03  SCV, Marine  
  60  6:10  SCV  
  60  6:14  Marine  
  60  6:15  SCV, Marine  
  60  6:16  Raven  
  65  6:21  Marine  
  65  6:23  SCV  
  67  6:28  SCV  
  67  6:31  Siege Tank  
  71  6:34  Marine x2  
  71  6:35  SCV  
  74  6:40  SCV  
  74  6:41  Marine  
  76  6:47  SCV  
  76  6:52  SCV, Combat Shield  
  78  6:55  Supply Depot  
  78  6:59  SCV, Marine x2  
  78  7:00  Marine  
  82  7:04  SCV  
  74  7:11  SCV  
  74  7:13  Medivac  
  77  7:16  SCV  
  77  7:17  Marine x2  
  77  7:18  Marine  
  78  7:23  SCV  
  78  7:26  Siege Tank  
  78  7:28  SCV x2  
  79  7:35  SCV, Marine x2  
  79  7:36  Marine  
  77  7:40  SCV  
  77  7:41  SCV  
  77  7:43  Medivac  
  79  7:47  SCV  
  77  7:53  Marine  
  78  8:00  Barracks x2  
  78  8:01  Barracks, SCV x2  
  78  8:03  Engineering Bay, Marine x2  
  78  8:04  Engineering Bay, Refinery  
  82  8:13  Supply Depot, SCV x2, Medivac  
  87  8:20  Marine  
  87  8:21  Marine  
  87  8:22  Orbital Command  
  87  8:25  SCV x2  
  88  8:35  Marine  
  88  8:37  SCV x2  
  88  8:38  Marine  
  88  8:40  Terran Infantry Armor Level 1, Terran Infantry Weapons Level 1  
  90  8:43  Marine  
  90  8:44  Refinery  
  90  8:47  Siege Tank  
  94  8:49  Barracks Reactor x2, SCV x2  
  94  8:50  Barracks Reactor  
  94  8:51  SCV  
  97  8:56  Starport Reactor  
  97  9:00  Marine x2  
  97  9:01  SCV x2  
  101  9:03  SCV, Armory  
  101  9:04  Supply Depot  
  102  9:10  Refinery  
  102  9:12  Supply Depot, Sensor Tower  
  102  9:13  SCV, Marine  
  102  9:16  SCV x2  
  106  9:18  Marine  
  106  9:20  Siege Tank  
  109  9:25  SCV  
  109  9:26  Marine x4  
  109  9:27  Marine x3  
  109  9:30  Marine  
  118  9:32  SCV x2  
  118  9:35  Marine  
  118  9:37  Medivac x2  
  118  9:38  SCV  
  126  9:44  Marine x4  
  126  9:45  Marine  
  131  9:47  Supply Depot x2  
  131  9:51  Supply Depot, Marine  
  131  9:52  Marine  
  133  9:57  Command Center  
  133  10:05  Marine  
  133  10:08  Marine x2  
  133  10:13  Marine x6  
  140  10:22  Marine  
  140  10:26  Siege Tank, Marine x2  
  146  10:30  Factory  
  146  10:31  Marine x6  
  152  10:35  Terran Infantry Weapons Level 2  
  152  10:36  Terran Infantry Armor Level 2  
  152  10:40  Supply Depot, Marine  
  152  10:42  Supply Depot  
  153  10:43  Missile Turret  
  153  10:47  Medivac x2  
  157  10:53  Supply Depot  
  157  10:55  Supply Depot  
  157  11:01  Marine x2  
  154  11:09  Marine x6  
  155  11:12  Siege Tank  
  158  11:24  Marine x3  
  157  11:28  Siege Tank, Marine  
  157  11:29  Marine x5  
  152  11:41  Marine  
  152  11:42  Marine x2  
  152  11:44  Siege Tank  
  152  11:46  Marine  
  158  11:50  Viking x2  
  158  11:59  Marine  
  158  12:00  Siege Tank  
  145  12:09  Planetary Fortress  
  145  12:10  SCV  
  145  12:12  Command Center  
  145  12:13  Marine x7  
  153  12:17  SCV  
  153  12:19  Marine  
  155  12:23  SCV  
  155  12:24  Siege Tank  
  155  12:27  Medivac  
  155  12:29  SCV  
  162  12:32  Marine x2  
  162  12:33  Marine x3  
  166  12:39  Siege Tank  
  157  12:44  Marine  
  157  12:45  Marine x3  
  157  12:48  SCV  
  157  12:50  Marine x2  
  157  12:51  Marine x3  
  146  13:02  Marine  
  146  13:03  Marine  
  146  13:04  Marine x2  
  147  13:08  Marine x5  
  149  13:17  Siege Tank x2  
  155  13:20  Marine  
  155  13:21  Marine  
  155  13:22  Marine  
  155  13:25  Marine  
  155  13:26  Medivac x2, Orbital Command, Marine  
  165  13:32  SCV x3  
  165  13:33  Marine  
  169  13:34  Marine x2  
  169  13:38  Marine  
  171  13:44  SCV  
  171  14:01  Siege Tank  
  174  14:07  Siege Tank  
  176  14:13  Marine x6  
  176  14:14  Marine x3  
  174  14:31  Marine x2  
  174  14:33  Siege Tank  
  174  14:36  Medivac x2, Marine  
  174  14:37  Marine x6  
  182  14:48  Siege Tank  
  182  14:49  SCV x2, Marine x2  
  182  14:52  Starport  
  189  14:53  Starport  
  189  14:54  Marine  
  189  14:55  Marine x6  
  193  15:07  Marine x2  
  189  15:12  Marine x3  
Tags
 
Matchup
TvT
Race
Terran
Replay Pack
hsc22
Spawn Locations
Cross Positions
Add a new tag
Caveats
  • Supply blocks, unpowered buildings, or Contaminate may cause inaccurate times.
  • Supply counts are checked every 10 seconds.